 Dungeon Crawl Stone Soup version 0.31-a0-188-g5e087ee2ca (webtiles) character file.

Game seed: 259831312614284763

14625 qw the Markself (level 11, -2/64 HPs)
             Began as a Deep Elf Hunter on June 23, 2023.
             Was a High Priest of Okawaru.
             Succumbed to a water moccasin's poison
             ... on level 2 of the Lair of Beasts.
             The game lasted 00:03:47 (8177 turns).

qw the Markself (Deep Elf Hunter)                   Turns: 8177, Time: 00:03:47

Health: -2/64      AC: 15    Str: 12    XL:     11   Next: 91%
Magic:  20/20      EV: 20    Int: 15    God:    Okawaru [*****.]
Gold:   556        SH:  0    Dex: 18    Spells: 10/10 levels left

rFire   . . .        f - +1 arbalest (freeze)
rCold   + . .        (shield currently unavailable)
rNeg    . . .        q - +0 ring mail {rC+}
rPois   .            (no helmet)
rElec   .            b - +2 cloak
rCorr   .            m - +0 pair of gloves
SInv    .            d - +0 pair of boots
Will    +....        e - amulet of faith
Stlth   +            p - +4 ring of protection
HPRegen 0.30/turn    l - +5 ring of evasion
MPRegen 0.17/turn

%: faith
@: lethally poisoned (-2 -> -13)
A: no striking features
a: Renounce Religion, Heroism, Finesse, Duel


You were on level 2 of the Lair of Beasts.
You worshipped Okawaru.
Okawaru was extremely pleased with you.
You visited 3 branches of the dungeon, and saw 11 of its levels.

You collected 556 gold pieces.


   Skills:
 - Level 6.0 Fighting
 + Level 17.6 Ranged Weapons
 - Level 3.0 Armour
 - Level 9.2 Dodging
 - Level 1.2 Stealth
 - Level 10.0 Invocations


You had 10 spell levels left.
You didn't know any spells.
Your spell library was empty.

Inventory:

Hand Weapons
 f - a +1 arbalest of freezing (weapon)
Armour
 b - a +2 cloak (worn)
 d - a +0 pair of boots (worn)
 m - a +0 pair of gloves (worn)
 q - a +0 ring mail of cold resistance (worn)
Jewellery
 c - a ring of fire
 e - an amulet of faith (around neck)
 g - an amulet of the acrobat
 l - a +5 ring of evasion (right hand)
 p - a +4 ring of protection (left hand)
Scrolls
 a - 2 scrolls of identify
Potions
 h - 2 potions of magic
 i - 2 potions of curing
 j - a potion of might
 r - a potion of enlightenment

Dungeon Overview and Level Annotations

Branches:
Dungeon (8/15)             Temple (1/1) D:4            Lair (2/5) D:8
  Swamp: Lair:2-3    Shoals: Lair:2-3     Snake: Lair:2-3    Spider: Lair:2-3

Altars:
Cheibriados
Dithmenos
Elyvilon
Gozag
Hepliaklqana
Kikubaaqudgha
Nemelex Xobeh
Okawaru
Qazlal
Ru
Sif Muna
Trog
Uskayaw
Vehumet
Wu Jian
Xom
Zin
The Shining One

Shops:
D:1 [   D:4 =   D:8 [


Message History

The elephant closely misses you. x2; The elephant misses you. x2
The elephant trunk-slaps you.
You shoot a bolt. The bolt hits the elephant.
The bolt freezes the elephant.
The elephant is heavily wounded.
The water moccasin completely misses you.
The elephant barely misses you. The elephant completely misses you.
The elephant barely misses you.
The elephant trunk-slaps you but does no damage.
The elephant closely misses you. The elephant misses you.
The water moccasin completely misses you.
You shoot a bolt. The bolt hits the elephant.
The bolt freezes the elephant.
The elephant is severely wounded.
The elephant tramples you.
You hold your ground!
The elephant trunk-slaps you but does no damage.
The elephant barely misses you.
The elephant trunk-slaps you but does no damage.
The elephant tramples you but does no damage.
The elephant misses you. The water moccasin misses you.
The blink frog blinks!
You shoot a bolt. The bolt hits the elephant!
The bolt freezes the elephant.
The elephant is almost dead.
The water moccasin bites you.
You are lethally poisoned!
The water moccasin poisons you! The elephant tramples you.
You hold your ground!
The elephant trunk-slaps you. The elephant tramples you.
You hold your ground!
The elephant trunk-slaps you. The elephant completely misses you.
The elephant trunk-slaps you but does no damage.
The water moccasin closely misses you.
You shoot a bolt. The bolt hits the elephant!
The bolt freezes the elephant.
You kill the elephant!
Okawaru accepts your kill.
You feel very sick. The elephant misses you. The elephant closely misses you.
The elephant tramples you.
You hold your ground!
The elephant completely misses you.
The water moccasin bites you but does no damage.
The blink frog blinks!
You shoot a bolt.
The bolt barely misses the water moccasin.
You feel like a meek peon again.
You die...

.## ..... ..# . .F8.
....# . ... #.#.#.
..##..# #..... ##.....
....)..... #.>...
.......## ...........
....... .......Y#
........... ##.##..
.#.+#.#Y##+##:... ......
...#...
......Y@P........ ?....
....#..
#.....S%.....##### #....
.......
#.......#....###P###....
....#..
#.......#....##....#....
...<...
........#....##.....#...
....#..
...................#....
###.# .
.#.P.###P.....##.####...
.P#....
.............##.#..P...
........
.......................


You could see 3 elephants, a blink frog and a water moccasin.

Vanquished Creatures
  Gastronok (Lair:2)
  Erica (D:8)
  A death yak (Lair:1)
  Nergalle (Lair:2)
  Pikel (D:8)
  3 elephants (Lair:2)
  Maggie (D:6)
  4 cane toads (Lair:2)
  2 komodo dragons (Lair:2)
  3 rime drakes
  10 blink frogs
  A hornet (Lair:1)
  2 wyverns
  2 basilisks
  3 yaks (Lair:1)
  Edmund (D:5)
  Menkaure (D:5)
  6 water moccasins
  2 orc warriors (D:7)
  A black bear (D:6)
  3 ice beasts
  4 ogres
  A centaur (D:6)
  7 wolves (Lair:1)
  3 phantoms
  2 lemures (D:8)
  Blork the orc (D:5)
  11 bullfrogs
  5 scorpions
  3 necrophages (D:7)
  2 howler monkeys
  A centaur zombie (D:7)
  3 hounds
  A jelly (D:4)
  A human zombie (D:7)
  2 orc priests
  3 sleepcaps
  6 orc wizards
  An iguana (D:5)
  4 killer bee zombies (D:7)
  3 mummies (D:7)
  4 gnolls (D:2)
  2 adders (D:2)
  2 white imps
  3 ufetubi
  2 worms
  4 dart slugs
  22 orcs
  9 endoplasms
  4 giant cockroaches
  2 goblins (D:1)
  9 hobgoblins
  3 jackals (D:2)
  4 quokkas
  7 ball pythons
  9 bats
  2 frilled lizards
  4 kobolds
  2 rats
208 creatures vanquished.

Notes
Turn   | Place    | Note
-------+----------+-------------------------------------------
     0 | D:1      | qw the Deep Elf Hunter began the quest for the Orb.
     0 | D:1      | Reached XP level 1. HP: 12/12 MP: 3/3
     0 | D:1      | 0 ||| qw: Version: 0.3-a-9-g12657ce
     0 | D:1      | 0 ||| qw: Game counter: 3915
     0 | D:1      | 0 ||| qw: Always use a shield: true
     0 | D:1      | 0 ||| qw: God list: Okawaru
     0 | D:1      | 0 ||| qw: Allow faded altars: false
     0 | D:1      | 0 ||| qw: Do Orc after D:15 true
     0 | D:1      | 0 ||| qw: Do second Lair branch before Depths: true
     0 | D:1      | 0 ||| qw: Lair rune preference: random
     0 | D:1      | 0 ||| qw: Plans: Normal
     0 | D:1      | 0 ||| PLANNING D:1-11
   205 | D:1      | Reached XP level 2. HP: 16/16 MP: 4/4
   219 | D:1      | Reached skill level 6 in Ranged Weapons
   295 | D:1      | Found Vuak Fashoat's Armour Emporium.
   299 | D:1      | 299 ||| SHOPLISTING +0 ring mail (44 gold, have 11).
   299 | D:1      | 299 ||| SHOPLISTING +2 robe of cold resistance (194 gold,
                  | have 11).
   299 | D:1      | 299 ||| SHOPLISTING +3 scale mail of cold resistance (286
                  | gold, have 11).
   644 | D:1      | 644 ||| UPGRADING to +0 scale mail.
   654 | D:1      | 654 ||| DROPPING +0 leather armour.
   655 | D:1      | 655 ||| DROPPING +1 robe of willpower.
   656 | D:1      | 656 ||| UPGRADING to amulet of the acrobat.
   661 | D:1      | 661 ||| READING scroll labelled SYSOCZ JITSUER.
   662 | D:1      | 662 ||| READING scroll labelled BEELEY WOGHENI.
   666 | D:1      | 666 ||| DRINKING 2 emerald potions.
   667 | D:1      | 667 ||| DROPPING scroll of butterflies.
   701 | D:2      | Reached XP level 3. HP: 20/20 MP: 5/5
   736 | D:2      | Reached skill level 7 in Ranged Weapons
   743 | D:2      | HP: 3/20 [gnoll/+1 spear of pain (7)]
   744 | D:2      | 744 ||| DRINKING potion of heal wounds.
   747 | D:2      | Reached XP level 4. HP: 9/25 MP: 6/6
   773 | D:2      | 773 ||| FLEEEEING.
   774 | D:2      | 774 ||| FLEEEEING.
   775 | D:2      | 775 ||| FLEEEEING.
   776 | D:2      | 776 ||| STAIRDANCE
  1252 | D:2      | Reached skill level 8 in Ranged Weapons
  1414 | D:2      | 1414 ||| UPGRADING to +0 ring mail.
  1424 | D:2      | 1424 ||| DROPPING +0 scale mail.
  1425 | D:2      | 1425 ||| UPGRADING to ring of protection from cold.
  1426 | D:2      | 1426 ||| UPGRADING to +5 ring of evasion.
  1427 | D:2      | 1427 ||| READING scroll labelled PIDUILE JAXEET.
  1428 | D:2      | 1428 ||| READING scroll labelled POPHUOL SEWE.
  1471 | D:2      | 1471 ||| READING scroll labelled UTOIPP NAPPEAZ.
  1472 | D:2      | 1472 ||| DRINKING 2 bubbling yellow potions.
  1519 | D:2      | 1519 ||| DROPPING potion of lignification.
  1540 | D:3      | Found a faded altar of an unknown god.
  1630 | D:3      | Found a sacrificial altar of Ru.
  1722 | D:3      | Reached XP level 5. HP: 29/29 MP: 7/7
  1729 | D:3      | Noticed an ogre
  1741 | D:3      | Killed an ogre
  1742 | D:3      | Reached skill level 9 in Ranged Weapons
  1919 | D:3      | 1919 ||| UPGRADING to +0 ring mail of cold resistance.
  1929 | D:3      | 1929 ||| DROPPING +0 ring mail.
  1930 | D:3      | 1930 ||| UPGRADING to amulet of faith.
  1940 | D:3      | 1940 ||| UPGRADING to +4 ring of protection.
  1942 | D:3      | 1942 ||| DROPPING ring of protection from cold.
  1943 | D:3      | 1943 ||| READING scroll labelled XABBIESEAM.
  1944 | D:3      | 1944 ||| READING scroll labelled HOIRIACSYD.
  1945 | D:3      | 1945 ||| READING scroll labelled VOTHRO ZOPAE.
  1946 | D:3      | 1946 ||| READING scroll labelled CUSALOY GUITUE.
  1947 | D:3      | 1947 ||| READING scroll labelled AFFOTI OHULOGI.
  1948 | D:3      | 1948 ||| READING scroll labelled BEXOODAEMU.
  1949 | D:3      | 1949 ||| DRINKING 2 grey potions.
  1950 | D:3      | 1950 ||| DRINKING 2 red potions.
  1951 | D:3      | 1951 ||| DROPPING potion of brilliance.
  2041 | D:4      | Found a staircase to the Ecumenical Temple.
  2042 | D:4      | 2042 ||| PLANNING TEMPLE
  2042 | D:4      | 2042 ||| READING scroll labelled EWNUHY GOIHISCH.
  2044 | D:4      | 2044 ||| Stepping ~*~*~tactically~*~*~ (cloud).
  2122 | Temple   | Entered the Ecumenical Temple
  2172 | Temple   | 2172 ||| PLANNING OKAWARU WORSHIP
  2213 | Temple   | Became a worshipper of Warmaster Okawaru
  2214 | Temple   | 2214 ||| PLANNING D:1-11
  2244 | D:4      | Reached XP level 6. HP: 36/36 MP: 8/8
  2414 | D:4      | Found Uqoor's Jewellery Shop.
  2424 | D:4      | 2424 ||| SHOPLISTING amulet of reflection (300 gold, have
                  | 216).
  2424 | D:4      | 2424 ||| SHOPLISTING ring of Happiness {rElec rPois AC+4
                  | Int+2 Dex-3} (521 gold, have 216).
  2537 | D:5      | Entered Level 5 of the Dungeon
  2540 | D:5      | Noticed Menkaure
  2546 | D:5      | HP: 7/36 [??? (5)]
  2547 | D:5      | 2547 ||| READING 2 scrolls of teleportation.
  2548 | D:5      | 2548 ||| DRINKING potion of heal wounds.
  2629 | D:5      | Reached * piety under Okawaru
  2630 | D:5      | Reached skill level 10 in Ranged Weapons
  2642 | D:5      | Noticed Edmund
  2643 | D:5      | 2643 ||| INVOKING Heroism.
  2659 | D:5      | Killed Edmund
  2660 | D:5      | Reached XP level 7. HP: 19/40 MP: 0/9
  2834 | D:5      | 2834 ||| INVOKING Heroism.
  2839 | D:5      | Reached skill level 1 in Invocations
  2934 | D:5      | 2934 ||| INVOKING Heroism.
  2937 | D:5      | Reached skill level 3 in Invocations
  2963 | D:5      | Reached ** piety under Okawaru
  2998 | D:5      | Reached skill level 11 in Ranged Weapons
  3007 | D:5      | 3007 ||| INVOKING Heroism.
  3016 | D:5      | Killed Menkaure
  3017 | D:5      | Reached XP level 8. HP: 24/45 MP: 10/13
  3297 | D:5      | Noticed Blork the orc
  3298 | D:5      | 3298 ||| INVOKING Heroism.
  3305 | D:5      | Killed Blork the orc
  3515 | D:5      | 3515 ||| INVOKING Heroism.
  3520 | D:5      | Reached skill level 12 in Ranged Weapons
  3535 | D:5      | 3535 ||| UPGRADING to +0 pair of boots.
  3540 | D:5      | 3540 ||| DROPPING amulet of magic regeneration.
  3594 | D:6      | Reached skill level 1 in Armour
  3663 | D:6      | Reached skill level 3 in Fighting
  3679 | D:6      | 3679 ||| INVOKING Heroism.
  3832 | D:6      | 3832 ||| INVOKING Heroism.
  3849 | D:6      | Found a sparkling altar of Nemelex Xobeh.
  3861 | D:6      | 3861 ||| READING scroll labelled AZUHARUODA.
  3862 | D:6      | 3862 ||| DRINKING 2 orange potions.
  3863 | D:6      | 3863 ||| DRINKING potion of curing.
  3863 | D:6      | 3863 ||| (to cure confusion)
  3864 | D:6      | 3864 ||| DROPPING potion of ambrosia.
  3945 | D:6      | Noticed Maggie
  3948 | D:6      | 3948 ||| INVOKING Heroism.
  3952 | D:6      | HP: 11/46 [Maggie/+0 war axe (6)]
  3953 | D:6      | 3953 ||| READING scroll of teleportation.
  3954 | D:6      | Killed Maggie
  3955 | D:6      | Reached skill level 13 in Ranged Weapons
  4123 | D:6      | 4123 ||| INVOKING Heroism.
  4130 | D:6      | Reached XP level 9. HP: 50/50 MP: 11/14
  4417 | D:6      | Found a glowing silver altar of Zin.
  4515 | D:7      | Reached skill level 14 in Ranged Weapons
  4542 | D:7      | 4542 ||| INVOKING Heroism.
  4688 | D:7      | Found an ancient bone altar of Kikubaaqudgha.
  4697 | D:7      | Reached *** piety under Okawaru
  4768 | D:7      | Reached skill level 6 in Dodging
  4772 | D:7      | 4772 ||| INVOKING Heroism.
  4874 | D:7      | 4874 ||| SWAPPING to +0 orcbow.
  4903 | D:7      | 4903 ||| DROPPING +2 antimagic shortbow.
  4904 | D:7      | 4904 ||| DROPPING +1 shortbow of electrocution.
  5129 | D:7      | 5129 ||| READING scroll labelled MOOMERRIUJ.
  5130 | D:7      | 5130 ||| READING scroll labelled UNKAV XUFFEO.
  5231 | D:7      | 5231 ||| READING 3 scrolls of identify.
  5231 | D:7      | 5231 ||| IDENTIFYING black potion
  5232 | D:7      | 5232 ||| READING 2 scrolls of identify.
  5232 | D:7      | 5232 ||| IDENTIFYING dark potion
  5494 | D:8      | Noticed Erica
  5495 | D:8      | 5495 ||| INVOKING Heroism.
  5506 | D:8      | Killed Erica
  5506 | D:8      | Reached **** piety under Okawaru
  5507 | D:8      | Reached skill level 15 in Ranged Weapons
  5591 | D:8      | Found a staircase to the Lair.
  5637 | D:8      | 5637 ||| DRINKING 2 potions of curing.
  5637 | D:8      | 5637 ||| (to cure confusion)
  5671 | D:8      | Found Ixepraoz's Armour Shop.
  5686 | D:8      | 5686 ||| INVOKING Heroism.
  5687 | D:8      | 5687 ||| Stepping ~*~*~tactically~*~*~ (outnumbered).
  5689 | D:8      | Reached XP level 10. HP: 56/56 MP: 12/15
  5874 | D:8      | Noticed Pikel
  5893 | D:8      | Killed Pikel
  5894 | D:8      | Reached skill level 16 in Ranged Weapons
  5947 | D:8      | Identified the +7 dagger of Eternal Vigilance {speed, rPois
                  | Stlth+}
  5957 | D:8      | 5957 ||| PLANNING LAIR
  5957 | D:8      | 5957 ||| UPGRADING to +2 cloak.
  5962 | D:8      | 5962 ||| UPGRADING to +0 pair of gloves.
  5967 | D:8      | 5967 ||| READING 3 scrolls of identify.
  5967 | D:8      | 5967 ||| IDENTIFYING ruby potion
  5968 | D:8      | 5968 ||| READING 2 scrolls of identify.
  5968 | D:8      | 5968 ||| IDENTIFYING puce potion
  6020 | Lair:1   | Entered Level 1 of the Lair of Beasts
  6028 | Lair:1   | 6028 ||| STAIRDANCE
  6075 | Lair:1   | 6075 ||| READING scroll of enchant weapon.
  6075 | Lair:1   | 6075 ||| ENCHANTING +0 orcbow.
  6169 | Lair:1   | Noticed a death yak
  6170 | Lair:1   | 6170 ||| INVOKING Heroism.
  6189 | Lair:1   | Killed a death yak
  6240 | Lair:1   | 6240 ||| INVOKING Heroism.
  6252 | Lair:1   | Reached skill level 6 in Invocations
  6328 | Lair:1   | Reached skill level 3 in Armour
  6336 | Lair:1   | 6336 ||| INVOKING Heroism.
  6350 | Lair:1   | HP: 13/59 [wyvern (6)]
  6351 | Lair:1   | 6351 ||| DRINKING potion of heal wounds.
  6355 | Lair:1   | Reached ***** piety under Okawaru
  6631 | Lair:1   | Reached XP level 11. HP: 64/64 MP: 18/18
  6950 | Lair:1   | 6950 ||| DRINKING potion of cancellation.
  7223 | Lair:2   | 7223 ||| INVOKING Heroism.
  7295 | Lair:2   | 7295 ||| INVOKING Heroism.
  7381 | Lair:2   | 7381 ||| INVOKING Heroism.
  7388 | Lair:2   | Reached skill level 6 in Fighting
  7534 | Lair:2   | 7534 ||| INVOKING Heroism.
  7552 | Lair:2   | Reached skill level 9 in Invocations
  7629 | Lair:2   | 7629 ||| INVOKING Heroism.
  7700 | Lair:2   | Noticed Gastronok
  7701 | Lair:2   | 7701 ||| INVOKING Heroism.
  7721 | Lair:2   | Killed Gastronok
  7721 | Lair:2   | Received a gift from Okawaru
  7722 | Lair:2   | Reached skill level 9 in Dodging
  7729 | Lair:2   | 7729 ||| SWAPPING to +1 arbalest of freezing.
  7730 | Lair:2   | 7730 ||| DROPPING +1 orcbow.
  7738 | Lair:2   | Found an opulent altar of Gozag.
  7752 | Lair:2   | Noticed Nergalle
  7753 | Lair:2   | 7753 ||| INVOKING Heroism.
  7761 | Lair:2   | Killed Nergalle
  7984 | Lair:2   | 7984 ||| INVOKING Heroism.
  8138 | Lair:2   | 8138 ||| INVOKING Heroism.
  8147 | Lair:2   | Identified the +0 ring mail of qw's Tenacity {Dex+4}
                  | (Okawaru gifted it to you on level 2 of the Lair of Beasts)
  8147 | Lair:2   | Received a gift from Okawaru
  8158 | Lair:2   | Reached skill level 17 in Ranged Weapons
  8174 | Lair:2   | HP: 16/64 [elephant (4)]
  8175 | Lair:2   | HP: 7/64 [elephant (2)]
  8176 | Lair:2   | HP: 2/64 [poisoned by a water moccasin]
  8177 | Lair:2   | Succumbed to a water moccasin's poison

Levels and vault maps discovered:
D:1:      dpeg_arrival_rooms_with_view, layout_basic, serial_shops, shop,
          nrook_loot_triangle
D:2:      layout_loops_ring, minmay_misc_feat_enclosed
D:3:      layout_basic, old_standard_altar, dreamdust_ecumenical_altar_statues,
          kennysheep_small_spiral
D:4:      layout_cave_pools, temple_green, serial_shops,
          nicolae_shop_gaudy_bauble
D:5:      layout_basic, uniq_edmund, uniq_blork_the_orc, uniq_menkaure
D:6:      layout_loops_ring, amcnicky_altar_gilded, zin_academy,
          nicolae_figureground_sparkle, uniq_maggie
D:7:      layout_basic, lemuel_mausoleum_altar_kikubaaqudgha,
          corexii_leaking_fountain
D:8:      layout_gridville, lair_entry_dummy, serial_shops,
          nicolae_shop_competitors_out_of_business, uniq_pikel, uniq_erica
Temple:   jpeg_temple_clearing
Lair:1:   layout_regular_city, hangedman_lair_unloving_vines, st_stairs_3
Lair:2:   layout_regular_city, basic_altar, beast_lair_carwin_1,
          infiniplex_staircase_pool, grunt_megastairs_4, uniq_gastronok,
          uniq_nergalle

Skill      XL: |  1  2  3  4  5  6  7  8  9 10 11 |
---------------+----------------------------------+-----
Ranged Weapons | 6 7 8 9 10 11 13 15 16 17 | 17.6
Fighting       | 2 3 4 5 6 |  6.0
Dodging        | 4 6 8 9 |  9.2
Invocations    | 4 7 10 | 10.0
Armour         | 1 2 3 |  3.0
Stealth        | |  1.2

Action                     |  1- 3 |  4- 6 |  7- 9 | 10-12 || total
---------------------------+-------+-------+-------+-------++-------
   Fire: Shortbow          |    66 |   144 |   233 |       ||   443
         Orcbow            |       |       |    74 |   308 ||   382
         Arbalest          |       |       |       |    55 ||    55
 Invoke: Heroism           |       |     1 |    13 |    12 ||    26
    Use: Scroll            |     2 |    11 |     6 |     3 ||    22
         Potion            |     2 |     4 |     3 |     2 ||    11
 Armour: Leather armour    |     1 |       |       |       ||     1
         Scale mail        |     9 |    11 |       |       ||    20
         Ring mail         |       |     5 |    28 |    59 ||    92
  Dodge: Dodged            |    14 |    41 |    95 |   262 ||   412

Table legend:
 A = Non-vault XP
 B = Vault XP
 C = Vault XP percentage of total XP
 D = Non-vault monster count
 E = Vault monster count
 F = Vault count percentage of total count
                 A         B        C        D         E       F
            +---------+---------+-------+---------+---------+-------
      Total |   11191 |    9702 |  46.4 |     168 |      38 |  18.4
            +---------+---------+-------+---------+---------+-------
        D:1 |      32 |       4 |  11.1 |      20 |       2 |   9.1
        D:2 |     124 |       0 |   0.0 |      26 |       0 |   0.0
        D:3 |     183 |       0 |   0.0 |      14 |       0 |   0.0
        D:4 |     141 |       0 |   0.0 |       7 |       0 |   0.0
        D:5 |     916 |     449 |  32.9 |      19 |       3 |  13.6
        D:6 |     621 |     437 |  41.3 |      14 |       1 |   6.7
        D:7 |    1024 |     516 |  33.5 |      17 |      12 |  41.4
        D:8 |     523 |    1528 |  74.5 |      16 |       2 |  11.1
     Lair:1 |    3973 |    1065 |  21.1 |      22 |       3 |  12.0
     Lair:2 |    3654 |    5703 |  60.9 |      13 |      15 |  53.6
            +---------+---------+-------+---------+---------+-------
